 Dungeon Crawl Stone Soup version 0.27-a0-906-g0a00ce863d (webtiles) character file.

Game seed: 8515234043565946357

11 kae the Insei (level 2, 21/21 HPs)
             Began as a Demonspawn Transmuter on Apr 6, 2021.
             Quit the game on level 1 of the Dungeon.
             The game lasted 00:00:15 (354 turns).

kae the Insei (Demonspawn Transmuter)                Turns: 354, Time: 00:00:16

Health: 21/21      AC:  4    Str: 10    XL:     2   Next: 17%
Magic:  5/5        EV: 12    Int: 14    God:
Gold:   15         SH:  0    Dex: 13    Spells: 4/5 levels left

rFire    . . .     SeeInvis .     - Unarmed
rCold    . . .     Faith    .   (no shield)
rNeg     . . .     Spirit   .   a - +0 robe
rPois    .         Reflect  .   (no helmet)
rElec    .         Harm     .   (no cloak)
rCorr    .         Rampage  .   b - +1 pair of gloves {archery}
Will     .....                  (no boots)
Stlth    +.........             (no amulet)
HPRegen  0.07/turn              (no ring)
MPRegen  0.09/turn              (no ring)

@: no status effects
A: sturdy frame 1
a: no special abilities


You were on level 1 of the Dungeon.
You visited 1 branch of the dungeon, and saw 1 of its levels.

You collected 15 gold pieces.

Inventory:

Armour
 a - a +0 robe (worn)
 b - a +1 pair of gloves of archery (worn)
Scrolls
 c - a scroll of identify {unknown}
Potions
 d - a potion of haste {unknown}


   Skills:
 + Level 1.1 Fighting
 + Level 1.8 Dodging
 * Level 2.9 Unarmed Combat
 + Level 2.1 Spellcasting
 * Level 2.1 Transmutations


You had 4 spell levels left.
You knew the following spells:

 Your Spells              Type           Power      Damage    Failure   Level
a - Beastly Appendage     Tmut           14%        N/A       10%         1

Your spell library contained the following spells:

 Spells                   Type           Power      Damage    Failure   Level
 Wereblood                Tmut           7%         N/A       16%         2
 Spider Form              Tmut/Pois      2%         N/A       43%         3
 Ice Form                 Ice/Tmut       4%         N/A       83%         4
 Hydra Form               Tmut           3%         N/A       95%         5


Dungeon Overview and Level Annotations

Branches:
Dungeon (1/15)

Altars:


Innate Abilities, Weirdness & Mutations

Your movements are slightly less encumbered by armour. (ER -2)


Message History

No target in view!
Your horns disappear.
Your talons disappear.
A quokka comes into view.
The quokka barely misses you. The quokka bites you.
A quokka is nearby!
You hit the quokka but do no damage.
The quokka bites you but does no damage.
You hit the quokka.
The quokka is severely wounded.
The quokka barely misses you.
A quokka is nearby!
Casting: Beastly Appendage (safe; 10% risk of failure)
Confirm with . or Enter, or press ? or * to list all spells.
You grow a pair of large bovine horns.
Your feet morph into talons.
The quokka misses you.
The quokka bites you but does no damage.
A quokka is nearby!
You hit the quokka.
You kill the quokka!
No target in view!
Your transformation is almost over.
Your horns disappear.
Your talons disappear.
Key pressed, stopping explore.
No target in view!
No target in view!
Found a dagger.
No target in view!
No target in view!
d - a cyan potion No target in view!
No target in view!
You see here a +0 dagger.
You now have 15 gold pieces (gained 4).
Found 8 sling bullets.
No target in view!
No target in view!
A bat comes into view.
Found a stone staircase leading down.
A bat is nearby!
Are you sure you want to abandon this character and quit the game? (Confirm with "yes".)

#############
#............
#.#####.)#### ######
#.##........# ......
#.##.##..##.#
......#####.##.##..##.#
####..................
#...(@##############.#
#.##.## #..# b.. #.##
.>### #.# ... #.# ##
#.# #.# #.# ..#.#


You could see a bat (asleep).

Vanquished Creatures
  A dart slug (D:1)
  3 bats (D:1)
  A hobgoblin (D:1)
  A kobold (D:1)
  A quokka (D:1)
  2 goblins (D:1)
9 creatures vanquished.

Notes
Turn   | Place    | Note
-------+----------+-------------------------------------------
     0 | D:1      | kae the Demonspawn Transmuter began the quest for the Orb.
     0 | D:1      | Reached XP level 1. HP: 15/15 MP: 3/3
   166 | D:1      | Gained mutation: Your movements are slightly less
                  | encumbered by armour. (ER -2) [demonic ancestry]
   166 | D:1      | Reached XP level 2. HP: 21/21 MP: 5/5
   354 | D:1      | Quit the game

Illustrated notes

Levels and vault maps discovered:
D:1:      heliophobic_arrival_enchanted_forest, layout_loops_cross,
          serial_shops, shop, ebering_ecumenical_altar_box, bh_walls_and_bars

Skill      XL: |  1 |
---------------+----+-----
Transmutations | 2 |  2.1
Fighting       | |  1.1
Dodging        | |  1.8
Unarmed Combat | |  2.9
Spellcasting   | |  2.1

Action                   || total
-------------------------++-------
Melee: Unarmed           ||    20
       Kick              ||     3
       Headbutt          ||     1
 Cast: Beastly Appendage ||     5
Armor: Robe              ||    13
Dodge: Dodged            ||    17

Table legend: (Time is in decaauts)
 A = Elapsed time spent in this place.
 B = Non-inter-level travel time spent in this place.
 C = Inter-level travel time spent in this place.
 D = Time resting spent in this place.
 E = Time spent auto-exploring this place.
 F = Levels seen in this place.
 G = Mean time per level.
                   A        B        C        D        E       F      G
               +--------+--------+--------+--------+--------+-----+--------+
         Total |    352 |    352 |      0 |      0 |    282 |   1 |  352.0 |
       Dungeon |    352 |    352 |      0 |      0 |    282 |   1 |  352.0 |
               +--------+--------+--------+--------+--------+-----+--------+

Top non-repeatable levels by time:
     D:1: 352 daAuts
